 Dungeon Crawl Stone Soup version 0.17-a0-1939-ga475588 (webtiles) character file.

838 derrpe the Stinger (level 7, -12/55 HPs)
             Began as a Naga Wizard on Sept 29, 2015.
             Was a Follower of Qazlal.
             Mangled by tp1's ghost (13 damage)
             ... on level 4 of the Dungeon.
             The game lasted 00:10:09 (4218 turns).

derrpe the Stinger (Naga Wizard)                    Turns: 4218, Time: 00:10:10

Health: -12/55     AC:  4    Str: 10    XL:     7   Next: 99%
Magic:  0/11       EV:  9    Int: 20    God:    Qazlal [*.....]
Gold:   178        SH:  2    Dex:  9    Spells: 4 memorised, 4 levels left

rFire  . . .     SeeInvis +     r - +0 dagger
rCold  . . .     Clarity  .     a - +0 robe
rNeg   . . .     SustAt   .     (no shield)
rPois  +         Gourm    .     b - +0 hat
rElec  .         Spirit   .     w - +0 cloak
rCorr  .         Warding  .     (no gloves)
rMut   .         Stasis   .     (no barding)
MR     .....                    (no amulet)
Stlth  ++........               (no ring)
                                (no ring)

@: very slow, not resistant to hostile enchantments, unstealthy
A: see invisible, deformed body, poison resistance, slowness 2, slow metabolism
1, spit poison 2, AC +2
a: Spit Poison, Renounce Religion


You were on level 4 of the Dungeon.
You worshipped Qazlal.
Qazlal was aware of your devotion.
You were not hungry.

You visited 1 branch of the dungeon, and saw 4 of its levels.

You collected 178 gold pieces.

Inventory:

Hand weapons
 r - a +0 dagger (weapon)
Missiles
 i - 135 arrows
 s - 28 bolts
Armour
 a - a +0 robe (worn)
 b - a +0 hat (worn)
 w - a +0 cloak (worn)
Scrolls
 h - a scroll of fear {unknown}
 j - a scroll of random uselessness {unknown}
 l - 2 scrolls of identify {unknown}
 o - a scroll of teleportation
 t - a scroll of enchant armour {unknown}
Potions
 e - 2 potions of lignification
 f - a potion of resistance
 k - a potion of curing
 u - a potion of might
 v - a potion of cancellation {unknown}
Books
 c - a book of Minor Magic

   Spells                             Type                      Level
   a - Magic Dart                     Conjuration                  1
   b - Blink                          Translocation                2
   c - Call Imp                       Summoning                    2
   d - Repel Missiles                 Charms/Air                   2
   e - Slow                           Hexes                        2
   f - Conjure Flame                  Conjuration/Fire             3
   g - Mephitic Cloud                 Conjuration/Poison/Air       3
Comestibles
 d - 5 bread rations {@e1}
 g - 3 beef jerkies
 n - 6 fruits
 q - 3 meat rations {@e2}


   Skills:
 - Level 1.5 Dodging
 - Level 3.0 Stealth
 - Level 3.0 Spellcasting
 - Level 4.4 Conjurations
   Level 1.0 Summonings
 - Level 1.0 Translocations
 + Level 5.1 Air Magic
 + Level 6.6 Poison Magic


You had 4 spell levels left.
You knew the following spells:

 Your Spells              Type           Power        Failure   Level  Hunger
a - Magic Dart            Conj           ###.         2%          1    None
b - Blink                 Tloc           N/A          17%         2    ##.....
c - Repel Missiles        Chrm/Air       ##....       10%         2    ##.....
d - Mephitic Cloud        Conj/Pois/Air  ###.....     6%          3    ###....


Dungeon Overview and Level Annotations

Branches:
Dungeon (4/15)
 Temple: D:4-7

Altars:
Elyvilon
Nemelex Xobeh
Qazlal
Trog

Annotations:
D:4 tp1's ghost, average GrBe


Innate Abilities, Weirdness & Mutations

You cannot wear boots.
Your serpentine skin is tough (AC +2).
You have supernaturally acute eyesight.
Armour fits poorly on your strangely shaped body.
Your system is resistant to poisons.
You cover ground very slowly.
You have a slow metabolism.
You can spit poison.


Message History

Casting: Magic Dart
Confirm with . or Enter, or press ? or * to list all spells.
You don't have enough magic to cast that spell.
You barely miss tp1's ghost.
Tp1's ghost is severely damaged.
Tp1's ghost hits you.
* * * LOW HITPOINT WARNING * * *
Casting: Magic Dart
Confirm with . or Enter, or press ? or * to list all spells.
Aiming: Magic Dart
Press: ? - help, Shift-Dir - straight line, f/p - tp1's ghost
Aim: tp1's ghost (severely damaged)
The magic dart hits tp1's ghost.
Tp1's ghost is severely damaged.
Tp1's ghost hits you!
* * * LOW HITPOINT WARNING * * *
You closely miss tp1's ghost.
Tp1's ghost is severely damaged.
Tp1's ghost hits you!
You die...

.p...p........#
#######.##.######
#######'##.##...#
'........+.....##
#.......##.#########
##.##...##'####....#
#
##.).##....#....#..?
+p.[.'p....'....'...
####.####.##@##.###
.#####.####+##W##+#
p.........#..#.....
..........#.§'....
..........'..#.....
#.##.####+##.##.##'#
# #.
###.##.##.##.#### .
..................
##
####.##.##÷##.##.#


You could see tp1's ghost and a neutral freed slave (wandering).

Vanquished Creatures
  Pikel (D:4)
  Grinder (D:4)
  A slave (D:4)
  3 orc wizards (D:4)
  Crazy Yiuf (D:3)
  The ghost of achirane the Chucker, a weakling CeHu of Okawaru (D:3)
  5 adders
  An ooze (D:2)
  2 worms (D:2)
  A giant gecko (D:2)
  3 orcs
  9 bats
  11 goblins
  9 hobgoblins
  11 jackals
  10 kobolds
  A ball python skeleton (D:4)
  3 giant cockroaches
  A giant newt (D:2)
  3 rats
78 creatures vanquished.

Vanquished Creatures (others)
  A scorpion (D:4)
  A ball python (D:4)
2 creatures vanquished.

Grand Total: 80 creatures vanquished

Notes
Turn   | Place    | Note
--------------------------------------------------------------
     0 | D:1      | derrpe the Naga Wizard began the quest for the Orb.
     0 | D:1      | Reached XP level 1. HP: 15/15 MP: 4/4
   411 | D:1      | Reached XP level 2. HP: 22/22 MP: 4/6
   753 | D:1      | Learned a level 2 spell: Blink
   756 | D:1      | Learned a level 2 spell: Repel Missiles
  1168 | D:1      | Reached XP level 3. HP: 28/28 MP: 5/7
  1412 | D:2      | Found a bloodstained altar of Trog.
  1534 | D:2      | Learned a level 3 spell: Mephitic Cloud
  1832 | D:2      | Reached XP level 4. HP: 36/36 MP: 2/8
  2193 | D:2      | Reached skill level 4 in Conjurations
  2736 | D:3      | Found a sparkling altar of Nemelex Xobeh.
  2747 | D:3      | Found a white marble altar of Elyvilon.
  2761 | D:3      | Reached XP level 5. HP: 42/42 MP: 5/9
  2765 | D:3      | Reached skill level 1 in Poison Magic
  2779 | D:3      | Found a faded altar to an unknown god.
  2812 | D:3      | Noticed achirane's ghost (weakling CeHu)
  3063 | D:3      | Killed achirane's ghost
  3063 | D:3      | Reached skill level 1 in Air Magic
  3231 | D:3      | Became a worshipper of Qazlal Stormbringer
  3231 | D:3      | Acquired Qazlal's first power
  3355 | D:3      | Noticed Crazy Yiuf
  3391 | D:3      | Killed Crazy Yiuf
  3682 | D:4      | Noticed Grinder
  3712 | D:4      | Reached XP level 6. HP: 45/49 MP: 5/10
  3754 | D:4      | Killed Grinder
  3754 | D:4      | Reached XP level 7. HP: 24/55 MP: 0/11
  4048 | D:4      | Noticed Pikel
  4048 | D:4      | Noticed a slave
  4048 | D:4      | Noticed a slave
  4048 | D:4      | Noticed a slave
  4050 | D:4      | Noticed a slave
  4076 | D:4      | Killed a slave
  4078 | D:4      | Killed Pikel
  4078 | D:4      | Reached skill level 5 in Air Magic
  4078 | D:4      | Reached skill level 6 in Poison Magic
  4191 | D:4      | Noticed tp1's ghost (average GrBe)
  4217 | D:4      | HP: 1/55 [tp1's ghost (7)]
  4218 | D:4      | Mangled by tp1's ghost

Vault maps used:
D:1:      minmay_arrival_semitransparent
D:2:      bloody_trog, first_bread, minmay_misc_feat_iff, minmay_misc_feat_rows,
          grunt_decor_clamped
D:3:      elyvilon_altar_5, ecumenical_altar_2, nemelex_diamond_rough_becter,
          uniq_crazy_yiuf_cottage
D:4:      xom_confusion_cloud, uniq_pikel, uniq_grinder

Action                   |  1- 3 |  4- 6 |  7- 9 || total
-------------------------+-------+-------+-------++-------
Melee: Whip              |    10 |       |       ||    10
       Spear             |     3 |       |       ||     3
       Dagger            |     9 |    65 |    44 ||   118
 Cast: Magic Dart        |    81 |    87 |    32 ||   200
       Repel Missiles    |     1 |       |       ||     1
       Mephitic Cloud    |       |     3 |     2 ||     5
 Abil: Spit Poison       |     2 |     5 |     2 ||     9
  Use: Scroll            |     3 |       |       ||     3
       Potion            |       |     7 |       ||     7
 Stab: Sleeping          |     1 |       |       ||     1
       Confused          |       |     4 |     1 ||     5
  Eat: Chunk             |     1 |     5 |     3 ||     9
